 Dungeon Crawl Stone Soup version 0.24.0-123-gd5b16e6ec5 (webtiles) character file.

Game seed: 5063410671290951, levelgen mode: deterministic

5599 Mesmaeker13 the Geomancer (level 10, -1/69 HPs)
             Began as a Red Draconian Earth Elementalist on Feb 3, 2020.
             Was a Follower of Sif Muna.
             Slain by a yak (2 damage)
             ... on level 10 of the Dungeon.
             The game lasted 00:20:27 (14867 turns).

Mesmaeker13 the Geomancer (DrEE)                   Turns: 14867, Time: 00:20:27

Health: -1/69      AC:  9    Str: 10    XL:     10   Next: 45%
Magic:  14/14      EV: 16    Int: 19    God:    Sif Muna [*.....]
Gold:   537        SH:  0    Dex: 12    Spells: 11/15 levels left

rFire    + + .     SeeInvis .   L - +3 scimitar (flame)
rCold    . . .     Gourm    .   (no shield)
rNeg     . . .     Faith    .   (armour unavailable)
rPois    .         Spirit   .   (helmet restricted)
rElec    .         Reflect  .   y - +0 cloak
rCorr    .         Harm     .   C - +0 pair of gloves
MR       +....                  (no boots)
Stlth    ++........             (no amulet)
HPRegen  0.21/turn              k - ring of protection from magic
MPRegen  0.14/turn              w - ring of protection from fire

@: no status effects
A: breathe fire, unfitting armour, fire resistance 1, cold-blooded, AC +7
a: Breathe Fire, Channel Magic, Renounce Religion


You were on level 10 of the Dungeon.
You worshipped Sif Muna.
Sif Muna was aware of your devotion.
You were not hungry.

You visited 2 branches of the dungeon, and saw 11 of its levels.

You collected 537 gold pieces.

Inventory:

Hand Weapons
 x - a +0 hand axe of pain
 K - a +1 falchion of protection
 L - a +3 scimitar of flaming (weapon)
Missiles
 b - 257 stones
 J - a throwing net (quivered)
Armour
 y - a +0 cloak (worn)
 C - a +0 pair of gloves (worn)
Jewellery
 k - a ring of protection from magic (left hand)
 p - an uncursed ring of resist corrosion
 w - a ring of protection from fire (right hand)
 D - an uncursed ring of flight
Wands
 l - a wand of digging (3)
Scrolls
 a - a scroll of fog
 f - 4 scrolls of remove curse
 j - 5 scrolls of amnesia
 m - 2 scrolls of enchant weapon
 n - 8 scrolls of teleportation
 s - a scroll of noise {unknown}
 v - a scroll of blinking {unknown}
 B - a scroll of immolation
 I - a scroll of random uselessness {unknown}
Potions
 d - a potion of lignification
 e - a potion of might
 g - 3 potions of heal wounds
 h - 3 potions of haste
 i - 2 potions of magic
 o - a potion of berserk rage {unknown}
 r - 6 potions of curing
 t - 4 potions of ambrosia
 u - a potion of resistance {unknown}
 z - a potion of flight
 E - a potion of mutation {unknown}
 F - a potion of brilliance {unknown}
 G - a potion of agility {unknown}
 H - a potion of degeneration {unknown}
Comestibles
 c - 14 rations


   Skills:
 + Level 8.5 Dodging
 - Level 1.7 Stealth
 - Level 3.1 Spellcasting
 + Level 8.6 Conjurations
   Level 1.0 Transmutations
 + Level 9.6 Earth Magic


You had 11 spell levels left.
You knew the following spells:

 Your Spells              Type           Power        Failure   Level  Hunger
a - Sandblast             Erth           #####.       1%          1    None
b - Stone Arrow           Conj/Erth      #####.       1%          3    ###....

Your spell library contained the following spells:

 Spells                   Type           Power        Failure   Level  Hunger
 Passwall                 Tmut/Erth      ###.....     2%          2    ##.....
 Lee's Rapid Deconstruct  Erth           #####.....   8%          5    ######.
 Petrify                  Tmut/Erth      ###.....     17%         4    ####...


Dungeon Overview and Level Annotations

Branches:
Dungeon (10/15)            Temple (1/1) D:7            Lair (0/6) D:9
    Orc: D:9-12

Altars:
Ashenzari
Cheibriados
Dithmenos
Elyvilon
Fedhas
Gozag
Hepliaklqana
Kikubaaqudgha
Makhleb
Nemelex Xobeh
Okawaru
Qazlal
Ru
Sif Muna
Trog
Uskayaw
Vehumet
Wu Jian
Xom
Yredelemnul
Zin
The Shining One

Shops:
D:5 (   D:10 (

Annotations:
D:3 Robin
D:5 2 runed translucent doors, Nebesus's ghost, novice CeHu
D:6 2 runed translucent doors, TheWoodenMan's ghost, novice MiGl


Innate Abilities, Weirdness & Mutations

You can breathe blasts of fire.
Your fiery red scales are hard. (AC +7)
You cannot fit into any form of body armour.
Your flesh is heat resistant. (rF+)
You are cold-blooded and may be slowed by cold attacks.


Message History

A yak comes into view.
The yak bellows!
A wyvern zombie comes into view.
The yak misses you.
You riposte.
A yak comes into view.
The yak bellows! x2
You hit the yak but do no damage.
Your tail-slap misses the yak.
The yak gores you.
* * * LOW HITPOINT WARNING * * *
The yak gores you!
* * * LOW HITPOINT WARNING * * *
The wyvern zombie misses you.
Found 16 gold pieces.
As you read the scroll labeled NAOVUZ OH IWETT, it crumbles to dust.
It is a scroll of brand weapon.
Your +3 scimitar is engulfed in flames!
L - a +3 scimitar of flaming (weapon)
The wyvern zombie bites you but does no damage.
The yak barely misses you. The yak gores you.
You die...

######### ##.......# #
##..YYZ...# #
#..YY@....# ##
#.....YY....# #.
#$..........# ##.
............# #..
..#.........# ##.# #
#.........# #..#
##.........##### ###..#
##........#......##.)...
#.......# #...)###.


You could see 6 yaks and a wyvern zombie.

Vanquished Creatures
  A troll (D:10)
  A hippogriff (D:7)
  A human (D:8)
  A vampire (D:9)
  Sigmund (D:3)
  A wyvern (D:10)
  4 yaks (D:9)
  Menkaure (D:4)
  6 orc warriors
  An ice beast (D:9)
  3 phantoms
  2 sky beasts
  An eye of draining (D:9)
  4 ogres
  6 centaurs
  3 bullfrogs
  2 big kobolds
  A water moccasin zombie (D:9)
  3 killer bees (D:8)
  3 howler monkeys
  6 crimson imps
  A bullfrog zombie (D:5)
  A jelly (D:9)
  9 orc wizards
  A quasit (D:9)
  4 orc priests
  Crazy Yiuf (D:4)
  A hound (D:10)
  2 bullfrog skeletons
  An iron imp (D:5)
  An iguana (D:9)
  4 worker ants
  A hound skeleton (D:4)
  A mummy (D:5)
  A howler monkey zombie (D:8)
  A worker ant zombie (D:8)
  3 gnolls (D:5)
  7 adders
  4 shadow imps
  An ooze (D:3)
  An adder zombie (D:9)
  2 worms
  10 leopard geckos
  29 orcs
  10 giant cockroaches
  12 goblins
  9 hobgoblins
  11 jackals
  7 quokkas
  A ball python (D:2)
  13 bats
  6 frilled lizards
  A hobgoblin zombie (D:5)
  12 kobolds
  A kobold zombie (D:5)
  2 orc zombies (D:5)
  A quokka zombie (D:5)
  10 rats
235 creatures vanquished.

Notes
Turn   | Place    | Note
-------+----------+-------------------------------------------
     0 | D:1      | Mesmaeker13 the Draconian Earth Elementalist began the
                  | quest for the Orb.
     0 | D:1      | Reached XP level 1. HP: 14/14 MP: 3/3
   251 | D:1      | Reached XP level 2. HP: 17/20 MP: 3/5
  1300 | D:1      | Reached XP level 3. HP: 24/26 MP: 6/6
  1670 | D:1      | Found a sparkling altar of Nemelex Xobeh.
  1958 | D:1      | Learned a level 3 spell: Stone Arrow
  2241 | D:2      | Reached XP level 4. HP: 33/33 MP: 8/8
  2590 | D:2      | Noticed a phantom
  3166 | D:3      | Found a sacrificial altar of Ru.
  3469 | D:3      | Noticed Robin
  3478 | D:3      | Reached skill level 4 in Earth Magic
  3772 | D:2      | Killed a phantom
  3772 | D:2      | Reached skill level 1 in Conjurations
  3772 | D:2      | Reached XP level 5. HP: 23/38 MP: 0/9
  4164 | D:3      | Noticed Sigmund
  4175 | D:3      | Killed Sigmund
  4175 | D:3      | Reached XP level 6. HP: 33/45 MP: 2/10
  4442 | D:3      | You fall into a shaft and drop 2 floors!
  4442 | D:5      | Entered Level 5 of the Dungeon
  4896 | D:5      | Reached skill level 5 in Earth Magic
  5024 | D:5      | Found a snail-covered altar of Cheibriados.
  5370 | D:4      | Found a stormy altar of Qazlal.
  5511 | D:4      | Noticed Menkaure
  5523 | D:4      | Killed Menkaure
  5523 | D:4      | Your scales start taking on a fiery red colour.
  5523 | D:4      | Reached XP level 7. HP: 27/50 MP: 9/11
  5523 | D:4      | Gained mutation: Your flesh is heat resistant. (rF+) [Red
                  | Draconian growth]
  6229 | D:4      | Found a runed translucent door.
  6230 | D:4      | Noticed Crazy Yiuf
  6240 | D:4      | Killed Crazy Yiuf
  6749 | D:5      | Found Petusuptasu's Antique Weapon Emporium.
  7042 | D:5      | Found a large runed translucent door.
  7043 | D:5      | Found a large runed translucent door.
  7045 | D:5      | Noticed Nebesus's ghost (novice CeHu)
  7167 | D:6      | Found a runed translucent door.
  7171 | D:6      | Noticed TheWoodenMan's ghost (novice MiGl)
  7574 | D:6      | Reached skill level 6 in Earth Magic
  7604 | D:5      | Reached skill level 5 in Dodging
  7660 | D:6      | Reached XP level 8. HP: 57/57 MP: 5/12
  7751 | D:6      | Found a white marble altar of Elyvilon.
  8642 | D:6      | Reached skill level 5 in Conjurations
  9134 | D:6      | Found a runed translucent door.
  9253 | D:7      | Found a staircase to the Ecumenical Temple.
  9307 | Temple   | Entered the Ecumenical Temple
  9512 | D:7      | Reached skill level 7 in Earth Magic
  9608 | D:7      | Noticed a hippogriff
  9621 | D:7      | Killed a hippogriff
 10998 | D:8      | Reached XP level 9. HP: 62/62 MP: 10/13
 11930 | D:9      | Reached skill level 8 in Earth Magic
 12105 | D:9      | Found a blossoming altar of Fedhas.
 12107 | D:9      | Found a staircase to the Lair.
 12107 | D:9      | Found a shimmering blue altar of Sif Muna.
 12440 | D:9      | Became a worshipper of Sif Muna the Loreminder
 13264 | D:9      | Reached XP level 10. HP: 52/69 MP: 2/14
 13507 | D:9      | Reached skill level 9 in Earth Magic
 13854 | D:9      | Reached * piety under Sif Muna
 14438 | D:10     | Entered Level 10 of the Dungeon
 14438 | D:10     | Found Wijior's Antique Weapon Shoppe.
 14866 | D:10     | HP: 1/69 [yak (16)]
 14867 | D:10     | Slain by a yak

Levels and vault maps discovered:
D:1:      dpeg_arrival_erosion, layout_basic, st_stairs_10, chequers_avenue,
          nemelex_diamond_rough_becter
D:2:      layout_loops_cross
D:3:      layout_basic, nicolae_ru_sacrificial_ziggurat, uniq_sigmund,
          uniq_robin
D:4:      layout_loops_corners, grunt_qazlal_clouds, uniq_crazy_yiuf_cottage,
          uniq_menkaure
D:5:      layout_basic, slow_altar_1, first_ration, serial_glass,
          glass_columns_b, glass_columns_a, ebering_ghost_disaster_area,
          serial_shops, shop, minmay_mini_ossuary
D:6:      layout_rooms, elyvilon_altar_5, ebering_ghost_sewer_f,
          minmay_fountain_box
D:7:      layout_basic, temple_statues
D:8:      layout_loops_corners, grunt_pizzeria
D:9:      kennysheep_six_static_rooms, layout_long_grid,
          chequers_temple_overflow_statue_of_worship, lair_entry_dummy
D:10:     layout_cave_pods, serial_shops, shop, nrook_guardian_serpent_double
Temple:   minmay_crystal_spiral_temple

Skill      XL: |  1  2  3  4  5  6  7  8  9 10 |
---------------+-------------------------------+-----
Dodging        | 2 3 4 5 6 7 8 |  8.5
Spellcasting   | 3 |  3.1
Earth Magic    | 4 5 6 7 8 9 |  9.6
Conjurations   | 1 2 3 4 6 7 8 |  8.6
Stealth        | |  1.7
Transmutations | |  1.0

Action                   |  1- 3 |  4- 6 |  7- 9 | 10-12 || total
-------------------------+-------+-------+-------+-------++-------
Melee: Unarmed           |    58 |       |       |       ||    58
       Tailslap          |    14 |    23 |    45 |     6 ||    88
       Dagger            |    86 |       |       |       ||    86
       Hand axe          |    24 |   162 |    11 |       ||   197
       Long sword        |       |    14 |   282 |       ||   296
       Scimitar          |       |       |    14 |    54 ||    68
Throw: Throwing net      |       |       |     1 |       ||     1
 Cast: Sandblast         |    28 |    27 |    37 |     8 ||   100
       Stone Arrow       |       |     4 |    68 |    32 ||   104
 Abil: Breathe Fire      |       |       |    18 |     4 ||    22
Evoke: Wand              |       |     1 |     4 |       ||     5
  Use: Scroll            |       |     7 |     6 |     6 ||    19
 Stab: Sleeping          |     3 |     1 |     3 |       ||     7
       Paralysed         |       |     6 |       |       ||     6
  Eat: Chunk             |     5 |    11 |    17 |     6 ||    39
       Ration            |       |       |     5 |     1 ||     6
Armor: Skin              |    64 |    76 |   128 |    30 ||   298
Dodge: Dodged            |   137 |   175 |   309 |    67 ||   688
       Rpst.: Long sword |       |     2 |   101 |       ||   103
       Scimitar          |       |       |     7 |    23 ||    30
